 Dungeon Crawl Stone Soup version 0.32-a0-747-gc8563f6773 (webtiles) character file.

Game seed: 5636365977018888525

210 pokeman the Magician (level 5, 0/30 HPs)
             Began as a Deep Elf Hedge Wizard on Mar 17, 2024.
             Slain by an adder (1 damage)
             ... on level 2 of the Dungeon.
             The game lasted 00:02:30 (2037 turns).

pokeman the Magician (Deep Elf Hedge Wizard)        Turns: 2037, Time: 00:02:31

Health: 0/30       AC:  2    Str:  7    XL:     5   Next: 56%
Magic:  0/15       EV: 11    Int: 21    God:
Gold:   41         SH:  0    Dex: 14    Spells: 8/16 levels left

rFire   . . .        a - +0 dagger
rCold   . . .        (no shield)
rNeg    . . .        b - +0 robe
rPois   .            c - +0 hat
rElec   .            (no cloak)
rCorr   .            (no gloves)
SInv    .            (no boots)
Will    .....        (no amulet)
Stlth   ++           (no ring)
HPRegen 0.25/turn    (no ring)
MPRegen 0.14/turn

%: no passive effects
@: lethally poisoned (0 -> -6), very slightly contaminated
A: no striking features
a: no special abilities


You were on level 2 of the Dungeon.
You visited 1 branch of the dungeon, and saw 2 of its levels.

You collected 41 gold pieces.

Inventory:

Hand Weapons
 a - a +0 dagger (weapon)
Armour
 b - a +0 robe (worn)
 c - a +0 hat (worn)
Jewellery
 f - a ring of fire
Scrolls
 g - a scroll of teleportation {unknown}
 h - 3 scrolls of identify {unknown}
 j - a scroll of vulnerability {unknown}
 k - a scroll of fog {unknown}
Potions
 d - a potion of magic
 e - a potion of berserk rage {unknown}
 i - a potion of degeneration {unknown}


   Skills:
 - Level 1.7 Fighting
 - Level 1.7 Armour
 + Level 2.4 Dodging
 + Level 2.4 Stealth
 * Level 6.4 Spellcasting
 + Level 2.7 Conjurations
 - Level 1.1 Summonings
 - Level 1.1 Translocations


You had 8 spell levels left.
You knew the following spells:

 Your Spells              Type           Power      Damage    Failure   Level
a - Magic Dart            Conj           72%        1d6       3%          1
b - Mephitic Cloud        Conj/Alch/Air  10%        N/A       19%         3
c - Call Imp              Summ           22%        N/A       9%          2
d - Blink                 Tloc           22%        N/A       9%          2

Your spell library contained the following spells:

 Spells                   Type           Power      Damage    Failure   Level
 Slow                     Hex            24%        N/A       10%         1
 Cigotuvi's Dreadful Rot  Necr/Alch/Air  12%        N/A       14%         2


Dungeon Overview and Level Annotations

Branches:
Dungeon (2/15)

Altars:


Message History

You closely miss the adder.
The adder is lightly wounded.
The adder bites you.
Your cerulean imp completely misses the adder.
You barely miss the adder.
The adder is lightly wounded.
The adder bites you.
You are poisoned.
The adder poisons you!
Your cerulean imp hits the adder with a -3 spear.
Unknown command.
You hit the adder but do no damage.
The adder is moderately wounded.
You feel sick. The adder closely misses you. The adder bites you.
* * * LOW HITPOINT WARNING * * *
Your cerulean imp closely misses the adder.
Unknown command.
Casting: Mephitic Cloud (quite dangerous; 19% risk of failure)
Confirm with . or Enter, or press ? or * to list all spells.
Aiming: Magic Dart (safe; 3% risk of failure)
Press: ? - help, Shift-Dir - straight line, f/p - adder
Aim: an adder (lightly wounded, ally target, 100% to hit)
The magic dart hits the adder but does no damage.
The adder is lightly wounded.
You feel sick. The adder bites you but does no damage.
Your cerulean imp hits the adder with a -3 spear.
Unknown command.
You hit the adder.
The adder is heavily wounded.
You feel sick.
Your cerulean imp disappears in a puff of smoke!
The adder bites you.
* * * LOW HITPOINT WARNING * * *
You are more poisoned.
The adder poisons you!
You closely miss the adder.
The adder is heavily wounded.
* * * LOW HITPOINT WARNING * * *
You feel sick. The adder bites you.
You die...

#.# ....... #.#.#
####### #.#.# #
#.#.# # #.#.# #
#.#.# # #.#.#
############ #...#
#..........#
###############.@.#
#.########.#
)S....S.5.....#.S.#
#.# #.#
#############.#ยง..#
#.# #.#
#######.##..# #.#
#.. ............#
#.##########
#######.##..#
#.##........
............##
#.##.#######
#########....#
#.##.# ........)..#
#.##.#


You could see an adder.

Vanquished Creatures
  Sigmund (D:2)
  3 endoplasms
  A giant cockroach (D:2)
  4 goblins
  3 hobgoblins
  4 jackals (D:2)
  6 kobolds
  2 quokkas (D:1)
  A bat (D:1)
  A frilled lizard (D:1)
  4 rats (D:1)
30 creatures vanquished.

Vanquished Creatures (collateral kills)
  A ribbon worm (D:2)
1 creature vanquished.

Grand Total: 31 creatures vanquished

Notes
Turn   | Place    | Note
-------+----------+-------------------------------------------
     0 | D:1      | pokeman the Deep Elf Hedge Wizard began the quest for the
                  | Orb.
     0 | D:1      | Reached XP level 1. HP: 10/10 MP: 7/7
   454 | D:1      | Reached XP level 2. HP: 12/15 MP: 1/9
  1596 | D:2      | Reached skill level 5 in Spellcasting
  1735 | D:2      | Reached XP level 3. HP: 20/20 MP: 8/11
  1739 | D:2      | Learned a level 3 spell: Mephitic Cloud
  1742 | D:2      | Learned a level 2 spell: Call Imp
  1745 | D:2      | Learned a level 2 spell: Blink
  1973 | D:2      | Noticed Sigmund
  1984 | D:2      | Killed Sigmund
  1985 | D:2      | Reached skill level 1 in Fighting
  1985 | D:2      | Reached skill level 1 in Armour
  1985 | D:2      | Reached skill level 6 in Spellcasting
  1985 | D:2      | Reached XP level 4. HP: 13/26 MP: 10/14
  1985 | D:2      | Reached XP level 5. HP: 15/30 MP: 10/15
  2037 | D:2      | HP: 1/30 [poisoned by an adder]
  2037 | D:2      | Slain by an adder

Illustrated notes

Levels and vault maps discovered:
D:1:      evilmike_arrival_rings, layout_loops_corners, serial_forest,
          infiniplex_forest_clump_curved, infiniplex_forest_straight_4,
          infiniplex_forest_zigzag_1, infiniplex_forest_clump_double,
          infiniplex_forest_pool, infiniplex_forest_straight_2
D:2:      layout_basic, basic_altar, uniq_sigmund

Skill      XL: |  1  2  3 |
---------------+----------+-----
Spellcasting   | 5 6 |  6.4
Fighting       | 1 |  1.7
Armour         | 1 |  1.7
Conjurations   | 2 |  2.7
Dodging        | |  2.4
Stealth        | |  2.4
Summonings     | |  1.1
Translocations | |  1.1

Action                     |  1- 3 |  4- 6 || total
---------------------------+-------+-------++-------
  Melee: Dagger            |    16 |     5 ||    21
   Cast: Magic Dart        |    76 |     6 ||    82
         Mephitic Cloud    |     1 |     1 ||     2
         Call Imp          |       |     2 ||     2
   Stab: Confused          |     1 |       ||     1
 Armour: Robe              |    13 |    10 ||    23
  Dodge: Dodged            |    23 |     6 ||    29

Table legend: (Time is in decaauts)
 A = Elapsed time spent in this place.
 B = Non-inter-level travel time spent in this place.
 C = Inter-level travel time spent in this place.
 D = Time resting spent in this place.
 E = Time spent auto-exploring this place.
 F = Levels seen in this place.
 G = Mean time per level.
                   A        B        C        D        E       F      G
               +--------+--------+--------+--------+--------+-----+--------+
         Total |   2037 |   1986 |     51 |      3 |   1782 |   2 | 1018.5 |
       Dungeon |   2037 |   1986 |     51 |      3 |   1782 |   2 | 1018.5 |
               +--------+--------+--------+--------+--------+-----+--------+

Top non-repeatable levels by time:
     D:1: 1553 daAuts
     D:2: 483 daAuts
